[Event "8th Mersin Open 2024"]
[Site "Mersin"]
[Date "2024.11.11"]
[Round "2"]
[White "Lobanov, Sergei"]
[Black "Tezcan, Alper"]
[Result "1-0"]
[ECO "D35"]
[WhiteElo "2503"]
[BlackElo "2002"]
[Annotator "TA"]
[PlyCount "119"]
[EventDate "2024.11.10"]
[EventType "swiss"]
[EventCountry "TUR"]
[SourceTitle "playchess.com"]
[Source "ChessBase"]
[SourceQuality "1"]
[TimeControl "5400+30"]

1. d4 d5 2. c4 e6 3. Nc3 Nf6 4. cxd5 exd5 5. Bg5 Be7 6. e3 h6 7. Bh4 Bg4 8. Qc2 O-O 9. h3 Be6 {[%emt 0:00:00] White has an edge.} 10. Nf3 Ne8 11. Bg3 Bd6 12. Ne5 (12. Bxd6 {simplifies} Nxd6 13. Bd3 Nd7 14. Ne2) 12... Nc6 13. Be2 Ne7 14. Bf4 c6 15. g4 c5 16. Nb5 (16. dxc5 $14 Bxc5 17. O-O) 16... Rc8 {[%emt 0:04:30] White must now prevent ...cxd4.} 17. Nxd6 (17. Nxa7 $2 Qa5+ 18. b4 Qxa7 $19) 17... Nxd6 18. dxc5 Qa5+ 19. Kf1 Rxc5 20. Qd1 Qb6 21. Nd3 Rcc8 22. Qb3 Qd8 23. Qb4 Nc4 24. b3 Nb6 25. Kg2 Nc6 26. Qd6 (26. Qd2 $5) 26... Qf6 27. Bg3 Rfd8 28. Qf4 {[%emt 0:00:10] With the idea Qxf6.} Qxf4 29. Nxf4 (29. Bxf4 {simplifies} d4 30. e4 Nd7 31. Bg3) 29... d4 30. Nxe6 fxe6 31. exd4 Nxd4 32. Bd1 Nd5 33. Be5 Nc3 34. Re1 Nxd1 35. Raxd1 Nc6 {[%emt 0:00:17] [#] ...Rxd1 is the strong threat.} 36. Bc3 Kf7 37. Rc1 Ne7 38. Be5 Nc6 39. Bc3 Ne7 40. Bb4 Nc6 41. Bc5 Rd2 42. a4 Rcd8 43. Re3 R2d3 44. b4 {[%emt 0:00:00] And now b5 would win.} Rxe3 (44... a6 $11) 45. Bxe3 $14 {[%emt 0:00:23] b5 would now be deadly.} Nxb4 $11 {[%emt 0:00:30][%mdl 4096] Endgame. KRB-KRN} (45... Rd7 $1 $14) 46. Rc7+ $16 (46. Bxa7 $6 Nd5 $14) 46... Kf6 47. Rxb7 {[%emt 0:00:30] White is more active.} a5 48. Bb6 Ra8 {[%emt 0:00:30] Loses the game.} (48... Rd5 $16) 49. Bd4+ $18 e5 50. Rb6+ Kf7 51. Bxe5 Ra7 {[%emt 0:00:00] Wards off Rb7+} 52. Rb5 Nc6 53. Bc3 Ke6 54. h4 Kd6 55. h5 Re7 56. f3 (56. Bxa5 Re4 $18) 56... Ra7 57. Kg3 Ke6 58. g5 Kd6 (58... Rd7 $142 59. Kg4 (59. Bxa5 Nxa5 60. Rxa5 hxg5 $18) 59... hxg5 60. Rxg5 (60. Kxg5 Kf7 $18) 60... Nd4) 59. Kg4 Ke6 60. f4 {[%emt 0:00:00] Weighted Error Value: White=0.06 (flawless) /Black=0.20 (precise) .  Mistake:       	White=1     	Black=4      Inaccurate:     	White=2     	Black=6      OK:         	White=23    	Black=22     Best:        	White=4     	Black=1} 1-0

[Event "8th Mersin Open 2024"]
[Site "Mersin"]
[Date "2024.11.11"]
[Round "2"]
[White "Ikonnikov, Vyacheslav"]
[Black "Akkara, Omer"]
[Result "1-0"]
[ECO "B39"]
[WhiteElo "2465"]
[BlackElo "2103"]
[Annotator "RC"]
[PlyCount "122"]
[EventDate "2024.11.10"]
[EventType "swiss"]
[EventCountry "TUR"]
[SourceTitle "playchess.com"]
[Source "ChessBase"]
[SourceQuality "1"]
[TimeControl "5400+30"]

1. Nf3 Nf6 2. c4 c5 3. d4 cxd4 4. Nxd4 Nc6 5. Nc3 g6 6. e4 Bg7 7. Be3 Ng4 8. Qxg4 Nxd4 9. Qd1 Ne6 10. Qd2 d6 11. Be2 b6 12. O-O Bb7 13. f3 O-O 14. Rac1 Rc8 15. Rfd1 Qd7 16. b4 f5 17. exf5 gxf5 18. Nd5 Kh8 19. Bf1 Rf7 20. Re1 Nf8 21. Nf4 e5 22. Nd5 Ng6 23. Rcd1 Rg8 24. Kh1 Bf8 25. a4 f4 26. Bf2 Qf5 27. Bd3 Qh5 28. Be4 Nh4 29. Bxh4 Qxh4 30. Re2 Rg5 31. Qe1 Qh6 32. a5 bxa5 33. bxa5 Rh5 34. Qg1 Qg5 35. Rb1 Ba6 36. Rb8 Bxc4 37. Rc2 Qg3 38. h3 Bxd5 39. Bxd5 Rf6 40. Qf2 e4 41. fxe4 Qd3 42. Rd2 Rxh3+ 43. Kg1 Qg3 44. Rxf8+ Rxf8 45. Qd4+ Qg7 46. Qxg7+ Kxg7 47. gxh3 Rf6 48. Rg2+ Kh6 49. Kf2 Kh5 50. Rg7 h6 51. Rxa7 Kh4 52. Rf7 Rg6 53. a6 Kxh3 54. a7 Rg2+ 55. Kf3 Rg3+ 56. Kxf4 Rg4+ 57. Kf5 Rg5+ 58. Ke6 h5 59. a8=Q h4 60. Qa1 Re5+ 61. Kxd6 Rg5 1-0

[Event "8th Mersin Open 2024"]
[Site "Mersin"]
[Date "2024.11.11"]
[Round "2"]
[White "Yermolinsky, Alex"]
[Black "Zerey, Demhat"]
[Result "0-1"]
[ECO "D63"]
[WhiteElo "2417"]
[BlackElo "2194"]
[Annotator "RC"]
[PlyCount "94"]
[EventDate "2024.11.10"]
[EventType "swiss"]
[EventCountry "TUR"]
[SourceTitle "playchess.com"]
[Source "ChessBase"]
[SourceQuality "1"]
[TimeControl "5400+30"]

1. d4 d5 2. c4 e6 3. Nc3 Be7 4. Nf3 Nf6 5. Bg5 h6 6. Bh4 O-O 7. e3 Nbd7 8. Rc1 c5 9. dxc5 dxc4 10. Bxc4 Nxc5 11. O-O a6 12. Be2 b5 13. b4 Qxd1 14. Rfxd1 Ncd7 15. a3 Nb6 16. e4 g5 17. Bg3 Bb7 18. Bc7 Nbd7 19. e5 Nd5 20. Nxd5 Bxd5 21. Nd4 Rac8 22. Nf5 exf5 23. Rxd5 Nb6 24. Rdd1 Na4 25. g3 Kg7 26. Rd7 Bd8 27. e6 Rxc7 28. Rcxc7 Bxc7 29. Rxc7 Re8 30. Bh5 Rxe6 31. Rxf7+ Kg8 32. Rxf5 Rd6 33. Kg2 Nb6 34. Rc5 Kg7 35. f4 gxf4 36. gxf4 Kf6 37. Kg3 Nc4 38. a4 Nd2 39. Kg4 bxa4 40. Rf5+ Ke6 41. Ra5 Rb6 42. Rxa4 Ne4 43. Bg6 Nf6+ 44. Kh4 Nd5 45. f5+ Kf6 46. Kh5 Kg7 47. Ra2 Rxb4 0-1

[Event "8th Mersin Open 2024"]
[Site "Mersin"]
[Date "2024.11.11"]
[Round "2"]
[White "Cheng, Bindi"]
[Black "Zahedifar, Anahita"]
[Result "1/2-1/2"]
[ECO "A07"]
[WhiteElo "2368"]
[BlackElo "2008"]
[Annotator "RC"]
[PlyCount "77"]
[EventDate "2024.11.10"]
[EventType "swiss"]
[EventCountry "TUR"]
[SourceTitle "playchess.com"]
[Source "ChessBase"]
[SourceQuality "1"]
[TimeControl "5400+30"]

1. Nf3 d5 2. g3 g6 3. Bg2 Bg7 4. O-O e5 5. c4 dxc4 6. Qa4+ Nc6 7. Qxc4 Nge7 8. Nc3 O-O 9. d3 h6 10. Nd2 a6 11. Nde4 Be6 12. Qa4 b5 13. Qd1 b4 14. Na4 Bd5 15. b3 f5 16. Nec5 Bxg2 17. Kxg2 f4 18. Kg1 Qc8 19. Bb2 Qh3 20. Kh1 fxg3 21. fxg3 Nf5 22. Ne4 Ncd4 23. Bxd4 exd4 24. Nb2 Be5 25. Rf3 Ne3 26. Qg1 Rxf3 27. exf3 Rf8 28. Qf2 Qh5 29. f4 g5 30. Rg1 Kh8 31. Nc4 Nxc4 32. bxc4 gxf4 33. g4 Qh3 34. Rg3 Qh4 35. Qf3 fxg3 36. Qxf8+ Kh7 37. Qf7+ Kh8 38. Qe8+ Kh7 39. Qf7+ 1/2-1/2

[Event "8th Mersin Open 2024"]
[Site "Mersin"]
[Date "2024.11.11"]
[Round "2"]
[White "Bicer, Atakan Mert"]
[Black "Kazimova, Narmin"]
[Result "1/2-1/2"]
[ECO "C74"]
[WhiteElo "2342"]
[BlackElo "2155"]
[Annotator "RC"]
[PlyCount "111"]
[EventDate "2024.11.10"]
[EventType "swiss"]
[EventCountry "TUR"]
[SourceTitle "playchess.com"]
[Source "ChessBase"]
[SourceQuality "1"]
[TimeControl "5400+30"]

1. e4 e5 2. Nf3 Nc6 3. Bb5 a6 4. Ba4 d6 5. c3 f5 6. exf5 Bxf5 7. O-O Bd3 8. Re1 Be7 9. Re3 e4 10. Ne1 Bxb1 11. Rxb1 d5 12. d3 Nf6 13. Re2 Qd6 14. dxe4 dxe4 15. Bg5 O-O-O 16. Qxd6 Rxd6 17. Bc2 Rhd8 18. Bxf6 Bxf6 19. Bxe4 h6 20. Bxc6 Rxc6 21. Nf3 Rb6 22. Rbe1 a5 23. a4 Kb8 24. g4 Rd5 25. Kg2 Rc5 26. h4 Rc4 27. Kg3 g5 28. hxg5 Bxg5 29. Re4 Rxe4 30. Rxe4 Rxb2 31. Nxg5 hxg5 32. Re5 Rb3 33. Rxg5 Rxc3+ 34. f3 c5 35. Re5 Kc7 36. g5 Kd6 37. g6 Kxe5 38. g7 Rc1 39. Kg2 Rc2+ 40. Kh3 Rc3 41. g8=Q Rxf3+ 42. Kg4 Rf4+ 43. Kg5 Rb4 44. Qe8+ Kd4 45. Qd8+ Kc3 46. Qxa5 b6 47. Qa6 Kb2 48. a5 c4 49. axb6 c3 50. Qa5 Rb3 51. Qe5 Kb1 52. Qe1+ Kb2 53. Qe5 Kb1 54. Qe1+ Kb2 55. Qe5 Kb1 56. Qd5 1/2-1/2

[Event "8th Mersin Open 2024"]
[Site "Mersin"]
[Date "2024.11.11"]
[Round "2"]
[White "Aliyev, Ravan"]
[Black "Bayramov, Vugar"]
[Result "1-0"]
[ECO "A36"]
[WhiteElo "2338"]
[BlackElo "2133"]
[Annotator "RC"]
[PlyCount "90"]
[EventDate "2024.11.10"]
[EventType "swiss"]
[EventCountry "TUR"]
[SourceTitle "playchess.com"]
[Source "ChessBase"]
[SourceQuality "1"]
[TimeControl "5400+30"]

1. c4 c5 2. Nc3 d6 3. g3 Nc6 4. Bg2 g6 5. d3 Bg7 6. Qd2 e6 7. b3 Nge7 8. Bb2 O-O 9. Nf3 d5 10. cxd5 exd5 11. Na4 Bxb2 12. Qxb2 d4 13. O-O Qd6 14. Rac1 b6 15. Qd2 Be6 16. Nb2 Rae8 17. Nc4 Bxc4 18. bxc4 Nf5 19. Bh3 Ng7 20. Rfe1 Re7 21. Bg2 Nh5 22. Ng5 Kg7 23. Ne4 Qc7 24. Bf3 f5 25. Ng5 Nf6 26. Nh3 Ne5 27. Nf4 Qd6 28. h4 Rfe8 29. Bg2 Neg4 30. a4 h6 31. a5 Nxf2 32. Kxf2 g5 33. hxg5 Ng4+ 34. Kg1 hxg5 35. e4 gxf4 36. Qxf4 Qxf4 37. gxf4 fxe4 38. Rxe4 Ne3 39. Rxe7+ Rxe7 40. axb6 axb6 41. Be4 Kf6 42. Kf2 Re8 43. Rh1 Nxc4 44. Bc6 Rc8 45. dxc4 Kf5 1-0

[Event "8th Mersin Open 2024"]
[Site "Mersin"]
[Date "2024.11.11"]
[Round "2"]
[White "Baradaran Tamadon, Arian"]
[Black "Mohannad, Farhan"]
[Result "1-0"]
[ECO "C10"]
[WhiteElo "2323"]
[BlackElo "2115"]
[Annotator "RC"]
[PlyCount "113"]
[EventDate "2024.11.10"]
[EventType "swiss"]
[EventCountry "TUR"]
[SourceTitle "playchess.com"]
[Source "ChessBase"]
[SourceQuality "1"]
[TimeControl "5400+30"]

1. e4 e6 2. d4 d5 3. Nc3 dxe4 4. Nxe4 Nd7 5. Nf3 Ngf6 6. Nxf6+ Nxf6 7. Be3 Bd6 8. Bd3 Qe7 9. Qe2 c5 10. Bb5+ Bd7 11. O-O-O c4 12. Bxc4 O-O 13. Bg5 h6 14. Bh4 Rfc8 15. Kb1 Ba4 16. Bxf6 Qxf6 17. Bd3 Rc7 18. Rde1 Rac8 19. c3 Bc6 20. Be4 b5 21. Bxc6 Rxc6 22. Qe4 a5 23. Rc1 Bf4 24. Rc2 Bd6 25. Rhc1 a4 26. g3 Qe7 27. Nd2 a3 28. b3 f5 29. Qd3 e5 30. d5 e4 31. Qxb5 Rc5 32. Qa6 Be5 33. b4 Rb8 34. Qxa3 Rxd5 35. Qb3 Qf7 36. Nc4 Bf6 37. Ne3 Rdb5 38. Qxf7+ Kxf7 39. a4 Re5 40. Ka2 g5 41. Rd1 f4 42. Ng4 Re6 43. Nxf6 Kxf6 44. Kb3 e3 45. fxe3 f3 46. a5 Rxe3 47. a6 Re6 48. Ra1 Kf5 49. c4 Re3+ 50. Rc3 Ke4 51. Rxe3+ Kxe3 52. a7 Ra8 53. b5 f2 54. b6 g4 55. Kb4 Kf3 56. Kb5 Re8 57. a8=Q+ 1-0

[Event "8th Mersin Open 2024"]
[Site "Mersin"]
[Date "2024.11.11"]
[Round "2"]
[White "Zeynalli, Rashad"]
[Black "Saygin, Nurettin"]
[Result "0-1"]
[ECO "B90"]
[WhiteElo "2300"]
[BlackElo "2066"]
[Annotator "RC"]
[PlyCount "82"]
[EventDate "2024.11.10"]
[EventType "swiss"]
[EventCountry "TUR"]
[SourceTitle "playchess.com"]
[Source "ChessBase"]
[SourceQuality "1"]
[TimeControl "5400+30"]

1. e4 c5 2. Nf3 d6 3. d4 cxd4 4. Nxd4 Nf6 5. Nc3 a6 6. h3 e5 7. Nf3 Be7 8. g4 h6 9. Rg1 Qc7 10. a4 b6 11. g5 hxg5 12. Nxg5 Bb7 13. Qd3 Nbd7 14. Be3 Rf8 15. O-O-O Rc8 16. f3 d5 17. exd5 Bb4 18. Ne6 fxe6 19. dxe6 Nb8 20. Qg6+ Ke7 21. Qxg7+ Kxe6 22. h4 Qxg7 23. Rxg7 Nfd7 24. Bh3+ Kf6 25. Bh6 Rh8 26. Bxd7 Rxc3 27. Rg4 Rxh6 28. Rxb4 Ke7 29. bxc3 Nxd7 30. Rg4 Rh7 31. Rdg1 Bxf3 32. Rg7+ Rxg7 33. Rxg7+ Ke6 34. Kd2 Nf6 35. c4 Bc6 36. Ra7 Ne4+ 37. Ke3 Nc5 38. Rg7 Be8 39. Rg8 Kf7 40. Rh8 Bxa4 41. Rh6 Nd7 0-1

[Event "8th Mersin Open 2024"]
[Site "Mersin"]
[Date "2024.11.11"]
[Round "2"]
[White "Gurbanov, Ismayil"]
[Black "Uzdemir, Ali Poyraz"]
[Result "1-0"]
[ECO "B56"]
[WhiteElo "2261"]
[BlackElo "2081"]
[Annotator "RC"]
[PlyCount "63"]
[EventDate "2024.11.10"]
[EventType "swiss"]
[EventCountry "TUR"]
[SourceTitle "playchess.com"]
[Source "ChessBase"]
[SourceQuality "1"]
[TimeControl "5400+30"]

1. e4 c5 2. Nf3 d6 3. d4 cxd4 4. Nxd4 Nf6 5. Nc3 Nc6 6. Nd5 Nxd5 7. exd5 Ne5 8. Bb5+ Bd7 9. f4 Bxb5 10. fxe5 Bc4 11. b3 Bxd5 12. e6 Qa5+ 13. Bd2 Qc5 14. exf7+ Bxf7 15. Be3 Qc3+ 16. Kf2 e5 17. Re1 O-O-O 18. Nb5 Qa5 19. Nxa7+ Kb8 20. a4 d5 21. Nb5 Bb4 22. Ba7+ Ka8 23. Rxe5 Bc3 24. Bd4 Bxa1 25. Qxa1 Qd2+ 26. Re2 Qf4+ 27. Kg1 Rd7 28. Qe1 b6 29. Bxb6 Rc8 30. Qa5+ Kb8 31. Ba7+ Kb7 32. Be3 1-0

[Event "8th Mersin Open 2024"]
[Site "Mersin"]
[Date "2024.11.11"]
[Round "2"]
[White "Dogan, Nazmi Can"]
[Black "Tirpan, Ceren"]
[Result "1/2-1/2"]
[ECO "B43"]
[WhiteElo "2218"]
[BlackElo "2053"]
[Annotator "RC"]
[PlyCount "196"]
[EventDate "2024.11.10"]
[EventType "swiss"]
[EventCountry "TUR"]
[SourceTitle "playchess.com"]
[Source "ChessBase"]
[SourceQuality "1"]
[TimeControl "5400+30"]

1. e4 c5 2. Nf3 e6 3. d4 cxd4 4. Nxd4 a6 5. Nc3 b5 6. Bd3 Bb7 7. O-O Nc6 8. Nxc6 Bxc6 9. Re1 Ne7 10. Qh5 Ng6 11. Bf1 Qb8 12. a4 Bb4 13. Re3 bxa4 14. Nxa4 Qe5 15. Qxe5 Nxe5 16. h3 O-O 17. b3 Bb5 18. Bb2 f6 19. Ba3 Bd2 20. Bxf8 Bxe3 21. Bb4 Bxf1 22. Kxf1 Nc6 23. Bc5 Bd4 24. Rd1 Bxc5 25. Nxc5 Ne5 26. Nxd7 Nc6 27. Rd6 Rc8 28. Nb6 Rc7 29. Nc4 Kf7 30. Ke2 Ke7 31. Rd2 g6 32. c3 a5 33. Ra2 Rb7 34. Ra3 Rb5 35. Kd3 f5 36. exf5 gxf5 37. f4 Rd5+ 38. Kc2 Kf6 39. Ra1 Rc5 40. g4 h6 41. Kd3 Rd5+ 42. Ke3 Rb5 43. Ra3 Rc5 44. Kd3 Rd5+ 45. Kc2 Rb5 46. Ne3 fxg4 47. hxg4 h5 48. gxh5 Rxh5 49. Ra1 Rh3 50. Nc4 Rh5 51. Kd3 Rh3+ 52. Ne3 e5 53. fxe5+ Kxe5 54. Ra4 Kd6 55. Ke2 Rh2+ 56. Kf3 Kc5 57. Ra1 Rb2 58. Ra3 Kb5 59. Ke4 Rd2 60. Nc4 Rd1 61. Ke3 Rd7 62. Ra1 Ra7 63. Nd6+ Kc5 64. Ne4+ Kb5 65. Rh1 a4 66. Rh5+ Kb6 67. bxa4 Rxa4 68. Kd3 Ra5 69. Rh6 Rd5+ 70. Kc2 Re5 71. Nd2 Kc7 72. Nc4 Rd5 73. Ne3 Rd6 74. Rh5 Rd8 75. Nd5+ Kd6 76. Nb6 Ne5 77. c4 Re8 78. Kc3 Kc6 79. Rh6+ Kb7 80. Nd5 Rc8 81. Rh7+ Ka6 82. Ne3 Rd8 83. Rh6+ Kb7 84. Kb4 Rd3 85. Nd5 Rd4 86. Rh7+ Kb8 87. Nb6 Rf4 88. Kb5 Rf7 89. Rh5 Nd7 90. c5 Nxb6 91. Kxb6 Rb7+ 92. Kc6 Rc7+ 93. Kd6 Kb7 94. Rh1 Rc6+ 95. Kd5 Rg6 96. Rh7+ Kc8 97. Kc4 Rf6 98. Kb5 Rg6 1/2-1/2

[Event "8th Mersin Open 2024"]
[Site "Mersin"]
[Date "2024.11.11"]
[Round "2"]
[White "Yildiz, Serdar Murat"]
[Black "Bernadskiy, Vitaliy"]
[Result "0-1"]
[ECO "B12"]
[WhiteElo "2201"]
[BlackElo "2543"]
[Annotator "TA"]
[PlyCount "146"]
[EventDate "2024.11.10"]
[EventType "swiss"]
[EventCountry "TUR"]
[SourceTitle "playchess.com"]
[Source "ChessBase"]
[SourceQuality "1"]
[TimeControl "5400+30"]

1. e4 c6 2. d4 d5 3. e5 Bf5 4. h4 a6 5. g4 Bd7 6. Be3 e6 7. Nf3 Qc7 8. c4 {[%emt 0:02:30] The position is equal.} dxc4 (8... Ne7 $11) 9. Bxc4 (9. Nbd2 $1 $14) 9... c5 $11 10. d5 exd5 11. Bxd5 (11. Qxd5 Bc6 (11... Bxg4 12. Ng5 $16) 12. Qd1 Nd7 $15) 11... Bxg4 $2 (11... Ne7 $1 $15 {keeps the upper hand.} 12. Bxf7+ Kxf7 13. Ng5+ (13. e6+ $2 Bxe6 14. Ng5+ Kg8 $19) 13... Ke8) 12. Qa4+ $18 Bd7 13. Qb3 {[%emt 0:02:30][%mdl 1024] White has strong compensation.} Bc6 $2 (13... Bf5 $16) 14. Nc3 b5 $2 (14... Bxd5 15. Nxd5 Qc6) 15. O-O-O {[%emt 0:02:00][%cal Od5f7] aiming for Bxf7+!} c4 16. Qc2 Ne7 {[%emt 0:00:30] Wards off Qf5} 17. Qe4 {[%emt 0:10:30] Black is weak on the dark squares} Qc8 18. Ng5 Nxd5 19. Nxd5 {[%emt 0:00:30][%cal Oe4f5] Qf5! would kill now.} h6 {[%emt 0:11:30] [#]} 20. Nxf7 Kxf7 21. Qf4+ Kg8 {[%emt 0:01:30] [#]} 22. Nf6+ $1 Kf7 23. Nd7+ $2 (23. Rhg1 {White wants to mate with Nh5+.} c3 24. Nh5+ Kg8 25. Nxg7 (25. bxc3 Rh7 $18) (25. Nf6+ Kf7 $18)) 23... Kg8 {[%emt 0:01:30] [#]} 24. Nf6+ Kf7 $1 {[%emt 0:00:00][%cal Oc6h1] [#]} (24... gxf6 25. Rhg1+ Kh7 26. Qxf6 Rg8 27. Rxg8 Kxg8 28. Rg1+ (28. Bxh6 Bxh6+ 29. Qxh6 Qf8 $18) (28. Bxh6 Bg2 $18)) 25. e6+ $1 Qxe6 26. Nd7+ $1 Kg8 27. Nxf8 $2 (27. Qxf8+ $18 {is the precise move to win.} Kh7 28. Rhg1 Qxe3+ 29. fxe3 Rxf8 30. Nxf8+ Kg8 31. Ne6) 27... Qf7 {[%emt 0:01:30][%cal Oc6h1] [#]} 28. Rd8 Nd7 {[%emt 0:06:30] Some like it hot} (28... Bxh1 29. Ne6+ (29. Rxb8 $2 Qxf4 30. Bxf4 Rxb8 $19) 29... Kh7 30. Qxf7) 29. Nxd7+ Rxd8 30. Qxf7+ Kxf7 31. Ne5+ Kf6 32. Nxc6 Rd6 33. Nd4 Rhd8 34. Ne2 b4 35. Ng3 {[%emt 0:00:22] And now Ne4+ would win.} (35. Bc5 {seems wilder.} Rd2 36. Ng3 c3 37. Bxb4 cxb2+ 38. Kb1) 35... Rd5 36. Rg1 a5 (36... b3 $11 {keeps the balance.} 37. a3 Kf7) 37. Ne4+ Kf7 38. Nd2 Rc8 39. Rg4 c3 40. Nc4 cxb2+ 41. Kxb2 {[%emt 0:00:11] Black must now prevent Nb6.} Rc6 42. Kb3 Rg6 43. Re4 Re6 {[%emt 0:00:30] Prevents Ne5+.} 44. Rf4+ Kg6 45. Rg4+ Kh5 46. Rxg7 Re4 (46... Rc6 $11 47. Nb6 Rd3+ 48. Ka4 b3 49. axb3 (49. Kxa5 $2 b2 $19) 49... Rxe3 50. fxe3 Rxb6) 47. Nb6 (47. Nb2 $14) 47... Rd3+ $11 48. Kc2 Ra3 {[%emt 0:01:30] [#]} (48... Rd6 $11) 49. Kb2 (49. Nd5 $1 $16 {[%cal Rd5f6] Nf6+ is the strong threat.} Kxh4 50. Kb2 (50. Bxh6 Re2+ 51. Kb1 Rxf2 $11)) 49... Kxh4 ({Better is} 49... Raxe3 $14 50. fxe3 Rxe3) 50. Nd5 $16 (50. Bxh6 Re2+ 51. Kb1 Raxa2 52. Bg5+ Kh3 $11) 50... a4 {[%emt 0:05:30] [#]} (50... Rg4 $16 {was necessary.} 51. Rh7 (51. Bxh6 Rxg7 52. Bxg7 Rf3 $16) (51. Rxg4+ Kxg4 52. Bxh6 Kf3 $14) 51... h5) 51. Nxb4 $2 Raxe3 $11 52. fxe3 {[%emt 0:00:30] Threatens to win with Nd5.} Rxb4+ $18 {[%emt 0:00:30][%mdl 4096] Endgame. KR-KR} 53. Kc3 Rg4 54. Rh7 h5 55. Kd3 Rg2 56. e4 $1 Rxa2 57. Rg7 $2 (57. e5 $11) 57... Ra1 (57... a3 $142 58. e5 Ra1) 58. e5 $2 (58. Kc4 $19) 58... a3 59. Kc3 Re1 (59... a2 $142 60. Kb2 Re1 61. Kxa2 Rxe5 62. Kb3 Rg5 63. Rd7 Kg4 64. Rd1 h4 65. Rg1+ Kh5 66. Rh1 Rg3+ 67. Kb4 h3 68. Kc5 Kh4 69. Re1 h2 70. Rh1 Rg5+ 71. Kd6 Kg3 72. Rd1 Kg2 73. Rd2+ Kh3 74. Rd3+ Kh4 75. Rd4+ Kh5 76. Rd1 Rg1 77. Rd5+ Kg6 (77... Kh6 {gets mated.} 78. Rf5 h1=Q 79. Re5 Rg6+ 80. Re6 Qd1+ 81. Ke5 Qe1+ 82. Kd6 Rxe6+ 83. Kc5 Qe4 84. Kb5 Rc6 85. Ka5 Qb1 86. Ka4 Ra6#) 78. Ke5 h1=Q (78... h1=R 79. Kf4 $19) 79. Kd6 Rc1 (79... Rd1 {is a self mate.} 80. Rxd1 Qxd1+ 81. Kc5 Kf6 82. Kc6 Ke5 83. Kc5 Qa4 84. Kb6 Kd6 85. Kb7 Qb5+ 86. Ka7 Kc7 87. Ka8 Qb8#) 80. Rc5 Qd1+ (80... Rxc5 {leads to mate.} 81. Kxc5 Qe4 82. Kb5 Kf5 83. Kb6 Qc4 84. Ka5 Ke6 85. Kb6 Kd6 86. Ka5 Qb3 87. Ka6 Kc6 88. Ka7 Qb7#) 81. Kc6 Qf3+ 82. Kd6 Qf8+ 83. Kd7 Qxc5 84. Ke6 Re1+ 85. Kd7 Re7+ 86. Kd8 Qc7#) 60. Kb3 Rxe5 {[%emt 0:01:30] Black mates.} 61. Kxa3 Rg5 62. Rd7 Kg3 63. Rd3+ Kh2 64. Rd2+ Rg2 65. Rd4 Rg4 66. Rd2+ Kg3 67. Rd3+ Kf2 68. Rd2+ Ke3 69. Rh2 h4 70. Kb3 Kf3 71. Kc3 Kg3 72. Rh1 h3 73. Rg1+ Kf3 {[%emt 0:00:00] What a fight!   Weighted Error Value: White=0.86/Black=0.59.  Loses game:     	White=1     	Black=1      Missed win:     	White=1     	---        Mistake:       	White=4     	Black=9      Inaccurate:     	White=5     	Black=3      OK:         	White=15    	Black=16     Best:        	White=7     	Black=4      Strong:       	White=1     	Black=1} 0-1

[Event "8th Mersin Open 2024"]
[Site "Mersin"]
[Date "2024.11.11"]
[Round "2"]
[White "Isik, Engin Yasar"]
[Black "Topuz, Mirac Melih"]
[Result "0-1"]
[ECO "B40"]
[WhiteElo "2172"]
[BlackElo "2097"]
[Annotator "RC"]
[PlyCount "80"]
[EventDate "2024.11.10"]
[EventType "swiss"]
[EventCountry "TUR"]
[SourceTitle "playchess.com"]
[Source "ChessBase"]
[SourceQuality "1"]
[TimeControl "5400+30"]

1. e4 c5 2. Nf3 e6 3. b3 Nc6 4. Bb2 Qc7 5. Nc3 a6 6. Qe2 d6 7. O-O-O Nf6 8. d4 cxd4 9. Nxd4 Be7 10. Kb1 O-O 11. Nxc6 Qxc6 12. g4 b5 13. g5 Nd7 14. f4 Bb7 15. Rd3 b4 16. Qh5 bxc3 17. Rh3 h6 18. Bxc3 e5 19. Bc4 Qxe4 20. Rg1 Qf5 21. Bd3 Be4 22. Be2 Qg6 23. Qh4 Rac8 24. Bh5 Qf5 25. Bg4 Qxf4 26. Qe1 f5 27. Bd1 Rxc3 28. Rxc3 Bxg5 29. Be2 Qd2 30. Qxd2 Bxd2 31. Rc7 Be3 32. Rd1 Nf6 33. Rxd6 f4 34. Rxa6 f3 35. Bf1 Nd5 36. Rd7 Nb4 37. Ra5 Bxc2+ 38. Kb2 Bd4+ 39. Rxd4 exd4 40. a3 Bd3 0-1

[Event "8th Mersin Open 2024"]
[Site "Mersin"]
[Date "2024.11.11"]
[Round "2"]
[White "Atis, Hasan"]
[Black "Ozen, Sadettin Alperen"]
[Result "1-0"]
[ECO "B30"]
[WhiteElo "2167"]
[BlackElo "2027"]
[Annotator "RC"]
[PlyCount "59"]
[EventDate "2024.11.10"]
[EventType "swiss"]
[EventCountry "TUR"]
[SourceTitle "playchess.com"]
[Source "ChessBase"]
[SourceQuality "1"]
[TimeControl "5400+30"]

1. e4 c5 2. Nf3 Nc6 3. Bb5 Nf6 4. Nc3 Qc7 5. O-O Nd4 6. Re1 a6 7. Bf1 d6 8. Nxd4 cxd4 9. Ne2 Nxe4 10. Nxd4 Nf6 11. c3 e5 12. Nc2 Be7 13. d4 O-O 14. Bd3 b5 15. Bg5 Bb7 16. Qd2 e4 17. Bxf6 Bxf6 18. Bxe4 Rfe8 19. Qd3 Bxe4 20. Rxe4 d5 21. Re2 Rxe2 22. Qxe2 Qc6 23. Nb4 Qd6 24. a4 a5 25. axb5 Bxd4 26. Qd2 Be5 27. Qxd5 Bxh2+ 28. Kf1 Qxd5 29. Nxd5 Bd6 30. Ra4 1-0

[Event "8th Mersin Open 2024"]
[Site "Mersin"]
[Date "2024.11.11"]
[Round "2"]
[White "Biriya, Mohammadamin"]
[Black "Shafei, Hamid"]
[Result "1/2-1/2"]
[ECO "E19"]
[WhiteElo "2139"]
[BlackElo "2018"]
[Annotator "RC"]
[PlyCount "36"]
[EventDate "2024.11.10"]
[EventType "swiss"]
[EventCountry "TUR"]
[SourceTitle "playchess.com"]
[Source "ChessBase"]
[SourceQuality "1"]
[TimeControl "5400+30"]

1. d4 Nf6 2. c4 e6 3. Nf3 b6 4. g3 Bb7 5. Bg2 Be7 6. O-O O-O 7. Nc3 Ne4 8. Qc2 f5 9. Rd1 Nxc3 10. Qxc3 Bf6 11. Ne5 Bxg2 12. Kxg2 d6 13. Nf3 Nd7 14. Qc2 Qe8 15. Bd2 Qh5 16. Bc3 g5 17. h3 g4 18. Ng1 Bg7 1/2-1/2

[Event "8th Mersin Open 2024"]
[Site "Mersin"]
[Date "2024.11.11"]
[Round "2"]
[White "Hasirci, Ozgur Deniz"]
[Black "Annaberdiyev, Meylis"]
[Result "0-1"]
[ECO "B40"]
[WhiteElo "2128"]
[BlackElo "2443"]
[Annotator "RC"]
[PlyCount "95"]
[EventDate "2024.11.10"]
[EventType "swiss"]
[EventCountry "TUR"]
[SourceTitle "playchess.com"]
[Source "ChessBase"]
[SourceQuality "1"]
[TimeControl "5400+30"]

1. e4 c5 2. Nf3 e6 3. Nc3 Nc6 4. d3 d5 5. g3 Be7 6. Bg2 d4 7. Ne2 e5 8. h4 Nf6 9. Bg5 Ng4 10. Bxe7 Qxe7 11. Qd2 h6 12. Nh2 h5 13. Nf1 g6 14. f3 Nh6 15. Qg5 Be6 16. Bh3 Bxh3 17. Qxe7+ Kxe7 18. Rxh3 f5 19. Nd2 Rhf8 20. O-O-O fxe4 21. dxe4 Rad8 22. Rhh1 b5 23. Rdf1 c4 24. g4 hxg4 25. h5 g5 26. Rhg1 Nb4 27. a3 d3 28. Nc3 Nxc2 29. Nxb5 Nd4 30. Nxd4 Rxd4 31. fxg4 Rc8 32. Nf3 Rxe4 33. Re1 Rxe1+ 34. Rxe1 Nxg4 35. Re4 Rf8 36. Nxe5 Rf1+ 37. Kd2 Nxe5 38. Rxe5+ Kf6 39. Rc5 Rf2+ 40. Ke3 Re2+ 41. Kf3 Re1 42. Rd5 Rb1 43. h6 Rxb2 44. h7 Rh2 45. Rd6+ Ke5 46. Rd7 Ke6 47. Kg3 Rxh7 48. Rxh7 0-1